 Dungeon Crawl Stone Soup version 0.28-a0-46-g7b1be97 (webtiles) character file.

Game seed: 10502161975590264210

55 Illumine the Cudgeller (level 3, 0/28 HPs)
             Began as a Demonspawn Gladiator on July 28, 2021.
             Slain by a worm (7 damage)
             ... on level 1 of the Dungeon.
             The game lasted 00:01:05 (1363 turns).

Illumine the Cudgeller (Demonspawn Gladiator)       Turns: 1363, Time: 00:01:05

Health: 0/28       AC:  4    Str: 15    XL:     3   Next: 67%
Magic:  3/3        EV: 12    Int:  9    God:
Gold:   23         SH:  0    Dex: 14    Spells: 2/2 levels left

rFire   . . .      SeeInvis .   a - +0 flail
rCold   . . .      Faith    .   (no shield)
rNeg    . . .      Spirit   .   b - +0 leather armour
rPois   .          Reflect  .   c - +0 helmet
rElec   .          Harm     .   (no cloak)
rCorr   .          Rampage  .   (no gloves)
Will    .....                   (no boots)
Stlth   +.........              (no amulet)
HPRegen 0.09/turn               (no ring)
MPRegen 0.08/turn               (no ring)

@: no status effects
A: demonic guardian 1
a: no special abilities


You were on level 1 of the Dungeon.
You visited 1 branch of the dungeon, and saw 2 of its levels.

You collected 23 gold pieces.

Inventory:

Hand Weapons
 a - a +0 flail (weapon)
 i - a +0 hunting sling
Missiles
 d - 3 throwing nets (quivered)
Armour
 b - a +0 leather armour (worn)
 c - a +0 helmet (worn)
Potions
 e - a potion of curing {unknown}
 f - a potion of flight {unknown}
 g - a potion of lignification {unknown}
 h - a potion of brilliance {unknown}


   Skills:
 + Level 2.8 Fighting
 * Level 3.8 Maces & Flails
 - Level 1.7 Throwing
 - Level 2.6 Dodging


You had 2 spell levels left.
You didn't know any spells.
Your spell library contained the following spells:

 Spells                   Type           Power      Damage    Failure   Level
 Shock                    Conj/Air       0%         1d3       45%         1
 Swiftness                Air            0%         N/A       83%         3
 Airstrike                Air            0%         N/A       99%         4


Dungeon Overview and Level Annotations

Branches:
Dungeon (2/15)

Altars:


Innate Abilities, Weirdness & Mutations

A weak demonic guardian rushes to your aid.


Message History

The hound bites you but does no damage. x2
You hit the hound.
The hound is severely wounded.
The hound bites you.
The kobold throws a stone.
The stone barely misses you. The hound closely misses you.
You closely miss the hound.
The hound is severely wounded.
The hound bites you but does no damage. The kobold closely misses you.
The hound closely misses you. The hound bites you.
The kobold hits you but does no damage.
You climb upwards.
There is a stone staircase leading down here.
Unknown command.
The kobold hits you but does no damage. The hound closely misses you.
The hound misses you.
You closely miss the hound.
The hound is severely wounded.
The hound closely misses you.
You thump the hound!
You kill the hound!
The kobold throws a stone.
The stone barely misses you.
You have reached level 3!
Your experience leads to an increase in your attributes!
Increase (S)trength, (I)ntelligence, or (D)exterity?
You feel stronger. The kobold hits you but does no damage.
You closely miss the kobold. The kobold hits you with a +0 club.
The kobold barely misses you.
You barely miss the kobold. The kobold hits you with a +0 club.
You hit the kobold.
You kill the kobold!
The worm bites you!
* * * LOW HITPOINT WARNING * * *
A demonic guardian appears!
Things that are here:
a +0 club; 5 stones; a kobold corpse You hit the worm.
The worm is lightly wounded.
Your ufetubus hits the worm. x2; The worm bites you!
You die...

......(....†..#.#.....#.#########
.....#####....#.##.†.............
..............#.##...............
.....####.....#.##.###...........
..............#.##.# #...........
......###....##.##.###...........
..............#.#................
......#########>######...........
...............w@................
#.....#########5######...........
#.....# #.# #........... #.....#
#.# #........... #.....# ###.#
#........ #.....# #.#.# #........
#.....# #.#.# ##.#.#### #######
#.#.# .#.# #.#


You could see a worm (ally target) and a friendly ufetubus (summoned).

Vanquished Creatures
  A hound (D:1)
  A worm (D:2)
  A dart slug (D:1)
  2 endoplasms (D:1)
  A giant cockroach (D:1)
  A hobgoblin (D:1)
  2 jackals (D:1)
  A quokka (D:1)
  3 ball pythons (D:1)
  A bat (D:1)
  A kobold (D:1)
  3 rats (D:1)
18 creatures vanquished.

Vanquished Creatures (collateral kills)
  An endoplasm (D:1)
  A kobold (D:2)
2 creatures vanquished.

Grand Total: 20 creatures vanquished

Notes
Turn   | Place    | Note
-------+----------+-------------------------------------------
     0 | D:1      | Illumine the Demonspawn Gladiator began the quest for the
                  | Orb.
     0 | D:1      | Reached XP level 1. HP: 16/16 MP: 1/1
   190 | D:1      | Reached skill level 3 in Maces & Flails
   292 | D:1      | Gained mutation: A weak demonic guardian rushes to your
                  | aid. [demonic ancestry]
   292 | D:1      | Reached XP level 2. HP: 22/22 MP: 2/2
  1081 | D:1      | Found a faded altar of an unknown god.
  1358 | D:1      | Reached XP level 3. HP: 22/28 MP: 3/3
  1363 | D:1      | Slain by a worm

Illustrated notes

Levels and vault maps discovered:
D:1:      evilmike_arrival_home_sweet_home, layout_basic,
          hellmonk_ecumenical_altar_leap_of_faith
D:2:      layout_rooms, grunt_ministairs_14, minmay_goblin_outpost

Skill      XL: |  1 |
---------------+----+-----
Maces & Flails | 3 |  3.8
Fighting       | |  2.8
Throwing       | |  1.7
Dodging        | |  2.6

Action                   || total
-------------------------++-------
Melee: Flail             ||    62
Armor: Leather armour    ||    25
Dodge: Dodged            ||    49

Table legend: (Time is in decaauts)
 A = Elapsed time spent in this place.
 B = Non-inter-level travel time spent in this place.
 C = Inter-level travel time spent in this place.
 D = Time resting spent in this place.
 E = Time spent auto-exploring this place.
 F = Levels seen in this place.
 G = Mean time per level.
                   A        B        C        D        E       F      G
               +--------+--------+--------+--------+--------+-----+--------+
         Total |   1379 |   1370 |      9 |    208 |    976 |   2 |  689.5 |
       Dungeon |   1379 |   1370 |      9 |    208 |    976 |   2 |  689.5 |
               +--------+--------+--------+--------+--------+-----+--------+

Top non-repeatable levels by time:
     D:1: 1360 daAuts
     D:2: 19 daAuts
